 Dungeon Crawl Stone Soup version 0.21.0-24-g2553a33 (webtiles) character file.

186 Grimoiregrey the Changer (level 5, 0/40 HPs)
             Began as a Draconian Transmuter on Jan 21, 2018.
             Slain by an ogre
             ... wielding a +0 giant club
              (27 damage)
             ... on level 4 of the Dungeon.
             The game lasted 00:19:31 (3419 turns).

Grimoiregrey the Changer (Draconian Transmuter)     Turns: 3419, Time: 00:19:32

Health: 0/40       AC:  5    Str: 12    XL:     5   Next: 38%
Magic:  7/8        EV: 12    Int: 14    God:
Gold:   154        SH:  0    Dex: 12    Spells: 7/8 levels left

rFire    . . .     SeeInvis .     - Unarmed
rCold    . . .     Gourm    .   (no shield)
rNeg     . . .     Faith    .   (armour unavailable)
rPois    .         Spirit   .   (helmet restricted)
rElec    .         Reflect  .   (no cloak)
rCorr    .         Harm     .   (no gloves)
MR       .....                  (boots currently unavailable)
Stlth    +.........             (no amulet)
HPRegen  0.13/turn              (no ring)
MPRegen  0.11/turn              (no ring)

@: appendage
A: unfitting armour, talons 3, cold-blooded, AC +5
a: End Transformation


You were on level 4 of the Dungeon.
You were not hungry.
You had grown temporary talons.
You visited 1 branch of the dungeon, and saw 4 of its levels.

You collected 154 gold pieces.

Inventory:

Missiles
 a - 12 arrows
Scrolls
 e - a scroll of remove curse
Potions
 d - 3 potions of brilliance
 g - 2 potions of degeneration {unknown}
 h - a potion of mutation {unknown}
 j - 2 potions of curing {unknown}
 k - a potion of heal wounds {unknown}
 l - a potion of might {unknown}
 p - a potion of flight {unknown}
 q - a potion of cancellation {unknown}
Books
 b - a book of Changes

   Spells                             Type                      Level
   a - Beastly Appendage              Transmutation                1
   b - Sticks to Snakes               Transmutation                2
   c - Spider Form                    Transmutation/Poison         3
   d - Ice Form                       Ice/Transmutation            4
   e - Blade Hands                    Transmutation                5
Comestibles
 c - 3 rations
 m - a chunk of flesh


   Skills:
 - Level 1.1 Fighting
 - Level 1.8 Dodging
 - Level 3.3 Unarmed Combat
 - Level 2.3 Spellcasting
 + Level 5.2 Transmutations


You had 7 spell levels left.
You knew the following spells:

 Your Spells              Type           Power        Failure   Level  Hunger
a - Beastly Appendage     Tmut           ###...       2%          1    #......


Dungeon Overview and Level Annotations

Branches:
Dungeon (4/15)
 Temple: D:4-7

Altars:


Innate Abilities, Weirdness & Mutations

Your plain brown scales are hard. (AC +5)
You cannot fit into any form of body armour.
You are cold-blooded and may be slowed by cold attacks.
You have claws for feet.


Message History

The ogre closely misses you. The ogre misses you.
Okay, then.
The ogre barely misses you.
Casting: Beastly Appendage
Confirm with . or Enter, or press ? or * to list all spells.
Your feet morph into talons.
The ogre barely misses you.
You hit the ogre.
The ogre is lightly wounded.
The ogre hits you with a giant club!
You hit the ogre. You claw the ogre.
The ogre is heavily wounded.
The ogre closely misses you.
You hit the ogre.
The ogre is heavily wounded.
You barely miss the ogre.
The ogre is heavily wounded.
The ogre hits you with a giant club!!
Ouch! That really hurt!
You die...

...,.....,,,,* ...##..#******
.......# +###...#
,###...##########################
,#...............................
.#.#..#.#########################
..............###########
##.#.#...#.##...@O......#
#.#.....#.############.#
#,##....#.# #.# *,*#....#.# #.#
*,*#....#.# #.# *,*#....#.# #.#
*,*#...<#.# #.# **,*#.#.<#.# #.#
*#.#*,#..#.# #.#


You could see an ogre.

Vanquished Creatures
  An orc priest (D:3)
  A worker ant (D:4)
  4 adders (D:2)
  2 gnolls (D:3)
  2 worms (D:2)
  2 dart slugs
  3 leopard geckos
  3 orcs (D:3)
  6 giant cockroaches
  10 goblins
  2 hobgoblins (D:1)
  3 quokkas (D:2)
  A ball python (D:2)
  6 bats
  5 frilled lizards
  7 kobolds
  8 rats
66 creatures vanquished.

Notes
Turn   | Place    | Note
-------+----------+-------------------------------------------
     0 | D:1      | Grimoiregrey the Draconian Transmuter began the quest for the Orb.
     0 | D:1      | Reached XP level 1. HP: 16/16 MP: 3/3
   117 | D:1      | Reached XP level 2. HP: 6/23 MP: 5/5
   954 | D:2      | Reached XP level 3. HP: 18/28 MP: 4/6
  1189 | D:2      | Reached skill level 3 in Transmutations
  1416 | D:2      | Reached XP level 4. HP: 30/35 MP: 7/7
  1533 | D:2      | Reached skill level 4 in Transmutations
  2252 | D:3      | Reached XP level 5. HP: 15/40 MP: 8/8
  2598 | D:3      | Noticed an ogre
  2974 | D:3      | Reached skill level 5 in Transmutations
  3338 | D:4      | Noticed an ogre
  3419 | D:4      | Slain by an ogre

Skill      XL: |  1  2  3  4  5 |
---------------+----------------+-----
Transmutations | 3 4 5 |  5.2
Fighting       | |  1.1
Dodging        | |  1.8
Unarmed Combat | |  3.3
Spellcasting   | |  2.3

Action                   |  1- 3 |  4- 6 || total
-------------------------+-------+-------++-------
Melee: Unarmed           |   118 |   120 ||   238
       Tailslap          |     8 |     6 ||    14
       Headbutt          |     4 |    10 ||    14
       Kick              |     4 |    12 ||    16
       Punch             |     1 |       ||     1
 Cast: Beastly Appendage |    19 |    18 ||    37
  Use: Scroll            |       |     7 ||     7
 Stab: Sleeping          |     1 |       ||     1
  Eat: Chunk             |     2 |     3 ||     5
       Ration            |       |     1 ||     1
Armor: Skin              |    36 |    32 ||    68
Dodge: Dodged            |    54 |    86 ||   140
